 Dungeon Crawl Stone Soup version 0.29-a0-565-g7a16c6de65 (webtiles) character file.

Game seed: 13652065674544883042

3459 KristoblXynda the Grappler (level 9, -12/79 HPs)
             Began as a Black Draconian Monk on June 12, 2022.
             Killed from afar by Maggie (16 damage)
             ... with a bolt of fire
             ... on level 6 of the Dungeon.
             The game lasted 00:08:17 (7583 turns).

KristoblXynda the Grappler (Black Draconian Monk)   Turns: 7583, Time: 00:08:18

Health: -12/79     AC:  7    Str: 15    XL:     9   Next: 78%
Magic:  9/9        EV: 14    Int: 14    God:
Gold:   369        SH:  0    Dex: 13    Spells: 8/8 levels left

rFire   + . .      SeeInvis .   l - +9 dagger of Laceration {vorpal, *Corrode rElec rN+ Will+}
rCold   . . .      Faith    .   (no shield)
rNeg    + . .      Spirit   .   (body armour unavailable)
rPois   .          Reflect  .   (helmet restricted)
rElec   +          Harm     .   (no cloak)
rCorr   .          Rampage  .   (no gloves)
Will    +....                   (no boots)
Stlth   ++........              (no amulet)
HPRegen 0.23/turn               e - ring of protection from fire
MPRegen 0.11/turn               (no ring)

@: short of breath, attractive, mesmerised
A: breathe lightning, AC +7, unfitting armour, electricity resistance,
cold-blooded
a: Breathe Lightning


You were on level 6 of the Dungeon.
You visited 1 branch of the dungeon, and saw 6 of its levels.
You also visited: Ossuary.

You collected 369 gold pieces.

Inventory:

Hand Weapons
 l - the +9 dagger of Laceration (weapon) {vorpal, *Corrode rElec rN+ Will+}
   (You found it on level 3 of the Dungeon)

   It inflicts extra damage upon your enemies.
   rElec:     It insulates you from electricity.
   rN:        It protects you from negative energy.
   *Corrode:  It may corrode you when you take damage.
   Will:      It increases your willpower.
Missiles
 u - 2 throwing nets (quivered)
Jewellery
 e - a ring of protection from fire (left hand)
 t - an amulet of faith
Scrolls
 c - a scroll of fog
 d - 4 scrolls of teleportation
 h - a scroll of fear {unknown}
 j - a scroll of amnesia {unknown}
 o - a scroll of enchant armour {unknown}
 p - a scroll of vulnerability {unknown}
 q - a scroll of blinking {unknown}
 r - a scroll of poison
Potions
 a - a potion of mutation
 b - 3 potions of curing
 f - a potion of lignification {unknown}
 g - 2 potions of brilliance
 i - 3 potions of cancellation
 k - a potion of flight {unknown}
 m - a potion of magic {unknown}
 n - a potion of haste
 s - 3 potions of attraction
 v - a potion of heal wounds {unknown}


   Skills:
 + Level 7.5 Fighting
 - Level 6.0 Short Blades
 + Level 6.9 Dodging
 + Level 4.0 Stealth
 + Level 8.3 Unarmed Combat


You had 8 spell levels left.
You didn't know any spells.
Your spell library contained the following spells:

 Spells                   Type           Power      Damage    Failure   Level
 Shock                    Conj/Air       0%         1d3       28%         1
 Mephitic Cloud           Conj/Pois/Air  0%         N/A       65%         3
 Ozocubu's Armour         Ice            0%         N/A       65%         3
 Corpse Rot               Necr/Pois/Air  0%         N/A       96%         4
 Fulminant Prism          Conj/Hex       0%         3d6       96%         4
 Iskenderun's Mystic Bla  Conj/Tloc      0%         2d3       96%         4
 Blade Hands              Tmut           0%         N/A       100%        5
 Lee's Rapid Deconstruct  Erth           0%         3d5*      100%        5
 Iron Shot                Conj/Erth      0%         9d1       100%        6
 Orb of Destruction       Conj           0%         9d5       100%        7
 Ozocubu's Refrigeration  Ice            0%         4d5       100%        7
 Animate Armour           Summ/Erth      Unusable   N/A       N/A         4

Dungeon Overview and Level Annotations

Branches:
Dungeon (6/15)            Ossuary (visited)
 Temple: D:4-7

Altars:
Uskayaw
Vehumet
Wu Jian
The Shining One

Annotations:
D:6 Maggie


Innate Abilities, Weirdness & Mutations

You can breathe wild blasts of lightning.
Your glossy black scales are hard. (AC +7)
You cannot fit into any form of body armour.
You are resistant to electric shocks. (rElec)
You are cold-blooded and may be slowed by cold attacks.


Message History

Maggie is heavily wounded.
The wight is engulfed in a cloud of scalding steam.
The wight is destroyed!
Maggie gestures at you while chanting. The bolt of fire misses you.
Your Stealth skill increases to level 4!
You hit Maggie. You tail-slap Maggie, but do no damage.
Maggie is severely wounded.
Maggie hits you with the +9 lance "Wyrmbane" {slay drac, rPois rF+ rC+ AC+3}.
You convulse.
The steam dragon is attracted toward you.
Unknown command.
You hit the steam dragon. You tail-slap the steam dragon.
Your punch misses the steam dragon.
The steam dragon is moderately wounded.
You hit the steam dragon but do no damage.
Your tail-slap misses the steam dragon.
The steam dragon is moderately wounded.
The steam dragon bites you! The steam dragon completely misses you.
Maggie misses you.
You puncture the steam dragon!
You tail-slap the steam dragon, but do no damage.
The steam dragon is severely wounded.
The steam dragon breathes steam at you. The ball of steam hits you. You resist.
* * * LOW HITPOINT WARNING * * *
Maggie hits you with the +9 lance "Wyrmbane" {slay drac, rPois rF+ rC+ AC+3}!
* * * LOW HITPOINT WARNING * * *
You convulse.
* * * LOW HITPOINT WARNING * * *
You feel better. The steam dragon barely misses you. x2
Maggie casts a spell at you. The bolt of fire hits you! You resist.
* * * LOW HITPOINT WARNING * * *
You feel better. The steam dragon bites you!
* * * LOW HITPOINT WARNING * * *
The steam dragon claws you but does no damage.
Maggie points at you and mumbles some strange words.
The bolt of fire hits you! You resist.
You die...

............ .. ......#..#.#
.......###### .
...#..#..#.###..... .#....### ..
.>..@.g..)...)..... .......# ...
#.##.oz.<#.## #.####.##.#.##...
#÷....#######. #....#.##.#..#...
#.###.#.......###.......)....#...
#.)...)........)D.....)..........
#.#............@@).|...†..#......
#.+..)..........§).......##...#..
###............§.###.....###..###
#.........)...§# #.......##....
#..............# ####....##....
#....########### #....##....
#....# #....##.... .....#
#######.... ####..#....


You could see Maggie (mesmerising) and a steam dragon (catching breath).

Vanquished Creatures
  A two-headed ogre (D:5)
  Prince Ribbit (D:6)
  Eustachio (D:6)
  A yak (D:5)
  The ghost of Thjof the Sneak, an amateur NaAE of Vehumet (D:4)
  A water moccasin (D:5)
  An ice beast (D:5)
  2 black bears (D:6)
  2 ogres
  2 centaurs
  A bullfrog (D:6)
  A necrophage (D:5)
  5 water moccasin zombies (Ossuary)
  2 scorpions
  2 wights (D:6)
  A crimson imp (D:4)
  6 hounds
  4 jellies
  A gnoll shaman (D:5)
  8 iguanas
  An orc wizard (D:5)
  2 mummies (Ossuary)
  6 gnolls
  10 adders
  2 white imps
  An ufetubus (D:5)
  5 adder zombies (Ossuary)
  4 worms
  3 dart slugs
  11 orcs
  9 endoplasms
  2 giant cockroaches
  14 goblins
  7 hobgoblins
  4 jackals (D:4)
  5 kobolds
  3 quokkas
  3 ball pythons
  8 bats
  5 frilled lizards
  3 gnoll zombies (Ossuary)
  8 hobgoblin zombies (Ossuary)
  4 kobold zombies (Ossuary)
  3 orc zombies (Ossuary)
  3 rats
170 creatures vanquished.

Vanquished Creatures (others)
  2 wights (D:6)
2 creatures vanquished.

Grand Total: 172 creatures vanquished

Notes
Turn   | Place    | Note
-------+----------+-------------------------------------------
     0 | D:1      | KristoblXynda the Draconian Monk began the quest for the
                  | Orb.
     0 | D:1      | Reached XP level 1. HP: 19/19 MP: 1/1
   281 | D:1      | Reached XP level 2. HP: 17/26 MP: 2/2
   531 | D:1      | Found a faded altar of an unknown god.
   947 | D:1      | Reached XP level 3. HP: 23/33 MP: 3/3
  1927 | D:2      | Reached XP level 4. HP: 34/40 MP: 4/4
  1932 | D:2      | Reached skill level 4 in Unarmed Combat
  3086 | D:3      | Found a radiant altar of Vehumet.
  3093 | D:3      | Got the Collected Works on Combat Magic and Poisoning
  3687 | D:3      | Identified the +9 dagger of Laceration {vorpal, *Corrode
                  | rElec rN+ Will+}
  3778 | D:4      | Noticed an ogre
  3784 | D:4      | Killed an ogre
  3785 | D:4      | Reached skill level 5 in Unarmed Combat
  3785 | D:4      | Reached XP level 5. HP: 46/46 MP: 5/5
  4000 | D:4      | Reached XP level 6. HP: 49/52 MP: 6/6
  4098 | D:4      | Reached skill level 1 in Short Blades
  4101 | D:4      | Found a sand-covered staircase.
  4107 | Ossuary  | Entered an ossuary
  4202 | Ossuary  | Reached skill level 6 in Unarmed Combat
  4262 | Ossuary  | Your scales start taking on a glossy black colour.
  4262 | Ossuary  | Reached XP level 7. HP: 45/59 MP: 7/7
  4262 | Ossuary  | Gained mutation: You are resistant to electric shocks.
                  | (rElec) [Black Draconian growth]
  4820 | D:4      | Found an ornate altar of the Wu Jian Council.
  4972 | D:4      | Found a runed translucent door.
  4974 | D:4      | Noticed Thjof's ghost (amateur NaAE)
  5067 | D:4      | Killed Thjof's ghost
  5110 | D:5      | Entered Level 5 of the Dungeon
  5169 | D:5      | Reached XP level 8. HP: 65/67 MP: 8/8
  5173 | D:5      | Noticed a two-headed ogre
  5181 | D:5      | Reached skill level 5 in Dodging
  5191 | D:5      | Reached skill level 5 in Fighting
  5192 | D:5      | Killed a two-headed ogre
  5193 | D:5      | Reached skill level 5 in Short Blades
  5193 | D:5      | Reached skill level 7 in Unarmed Combat
  5234 | D:5      | Reached XP level 9. HP: 23/75 MP: 9/9
  5950 | D:5      | Found a hide-covered altar of Uskayaw.
  6286 | D:5      | Found a glowing golden altar of the Shining One.
  6799 | D:6      | Noticed Maggie
  6979 | D:6      | Noticed Prince Ribbit
  6982 | D:6      | Killed Prince Ribbit
  6983 | D:6      | Reached skill level 8 in Unarmed Combat
  7445 | D:6      | Noticed Eustachio
  7462 | D:6      | Killed Eustachio
  7583 | D:6      | Killed from afar by Maggie

Illustrated notes

Levels and vault maps discovered:
D:1:      spicycebolla_arrival_xxxplode, layout_loops_corners,
          hellmonk_ecumenical_altar_arch_garden
D:2:      layout_rooms
D:3:      minmay_angry_zag, layout_basic, mainiacjoe_overflow_cross_hatched,
          serial_co_window_serial, co_window_paths_b, co_window_paths_a,
          co_window_of_opportunity_a, co_window_paths_b, co_window_cross_1,
          co_window_corner_b, co_window_of_opportunity_c, co_window_paths_c,
          co_window_corner_cb, co_window_paths_e, glass_columns_a,
          glass_columns_a, glass_columns_c, glass_columns_a, glass_columns_b
D:4:      layout_loops_ring, lemuel_doored_altar, nicolae_ossuary_entry_plus,
          ebering_ghost_reflecting_pool, hangedman_decor_points,
          kennysheep_cross_room, minmay_fire_ice_demons
D:5:      cheibrodos_fzero, layout_basic, nicolae_tso_swordbearing_angel,
          mainiacjoe_overflow_catwalk
D:6:      minmay_spotlight, layout_basic, lemuel_temple_firewalk_a,
          uniq_prince_ribbit1, uniq_eustachio, uniq_pikel, uniq_maggie

Skill      XL: |  1  2  3  4  5  6  7  8  9 |
---------------+----------------------------+-----
Dodging        | 3 4 5 6 |  6.9
Unarmed Combat | 5 6 7 8 |  8.3
Fighting       | 4 6 7 |  7.5
Short Blades   | 2 4 5 6 |  6.0
Stealth        | 4 |  4.0

Action                   |  1- 3 |  4- 6 |  7- 9 || total
-------------------------+-------+-------+-------++-------
Melee: Unarmed           |   141 |    95 |       ||   236
       Tailslap          |    19 |    25 |    43 ||    87
       Punch             |     4 |     4 |     9 ||    17
       Dagger            |       |    75 |   267 ||   342
 Abil: Breathe Lightning |       |       |     3 ||     3
  Use: Scroll            |       |     7 |     5 ||    12
       Potion            |       |       |     6 ||     6
 Stab: Sleeping          |     2 |       |     4 ||     6
       Distracted        |       |     1 |       ||     1
Armor: Skin              |    45 |    37 |    61 ||   143
Dodge: Dodged            |   102 |    98 |   171 ||   371

Table legend: (Time is in decaauts)
 A = Elapsed time spent in this place.
 B = Non-inter-level travel time spent in this place.
 C = Inter-level travel time spent in this place.
 D = Time resting spent in this place.
 E = Time spent auto-exploring this place.
 F = Levels seen in this place.
 G = Mean time per level.
                   A        B        C        D        E       F      G
               +--------+--------+--------+--------+--------+-----+--------+
         Total |   7506 |   7279 |    227 |   1613 |   4367 |   7 | 1072.3 |
       Dungeon |   7114 |   6887 |    227 |   1532 |   4172 |   6 | 1185.7 |
       Ossuary |    392 |    392 |      0 |     81 |    195 |   1 |  392.0 |
               +--------+--------+--------+--------+--------+-----+--------+

Top non-repeatable levels by time:
     D:1: 1881 daAuts
     D:5: 1659 daAuts
     D:3: 1238 daAuts
     D:4: 982 daAuts
     D:6: 755 daAuts
     D:2: 595 daAuts
 Ossuary: 392 daAuts
